 Dungeon Crawl Stone Soup version 0.26-a0-611-g354ed81502 (webtiles) character file.

Game seed: 7307260002155397081

10 MrRokkomies the Sneak (level 2, 0/17 HPs)
             Began as an Octopode Brigand on Sept 7, 2020.
             Slain by a jackal (3 damage)
             ... on level 1 of the Dungeon.
             The game lasted 00:00:25 (206 turns).

MrRokkomies the Sneak (Octopode Brigand)             Turns: 206, Time: 00:00:26

Health: 0/17       AC:  1    Str: 10    XL:     2   Next: 20%
Magic:  2/2        EV: 13    Int: 11    God:
Gold:   21         SH:  0    Dex: 13    Spells: 1/1 levels left

rFire    . . .     SeeInvis .   a - +2 dagger
rCold    + . .     Faith    .   (no shield)
rNeg     . . .     Spirit   .   (helmet restricted)
rPois    .         Reflect  .   (no amulet)
rElec    .         Harm     .   (no ring)
rCorr    .                      (no ring)
MR       .....                  (no ring)
Stlth    ++++......             (no ring)
HPRegen  0.05/turn              (no ring)
MPRegen  0.08/turn              (no ring)
                                (no ring)
                                (no ring)

@: no status effects
A: almost no armour, stealthy swim, amphibious, 8 rings, constrict 8, camouflage
1, cold resistance 1, dopey 1, frail 1, gelatinous body 1
a: no special abilities


You were on level 1 of the Dungeon.
You visited 1 branch of the dungeon, and saw 1 of its levels.

You collected 21 gold pieces.

Inventory:

Hand Weapons
 a - a +2 dagger (weapon)
Missiles
 b - 6 poisoned darts (quivered)
 c - 2 curare-tipped darts
Scrolls
 d - 2 scrolls of remove curse {unknown}
 e - a scroll of enchant armour {unknown}
 g - a scroll of enchant weapon {unknown}


   Skills:
 + Level 2.1 Fighting
 * Level 2.3 Short Blades
 + Level 2.1 Throwing
 * Level 1.4 Dodging
 - Level 5.3 Stealth


You had one spell level left.
You didn't know any spells.
Your spell library was empty.

Dungeon Overview and Level Annotations

Branches:
Dungeon (1/15)

Altars:


Innate Abilities, Weirdness & Mutations

You cannot wear most types of armour.
You are very stealthy in the water. (Stealth+)
You are amphibious.
You can wear up to eight rings at the same time.
You can use your tentacles to constrict eight enemies at once.
Your skin changes colour to match your surroundings (Stealth+).
Your rubbery body absorbs attacks. (AC +1, EV +1)
Your flesh is cold resistant. (rC+)
You are dopey. (Int -2)
You are frail. (-10% HP)


Message History

The jackal misses you.
Unknown command.
Throwing (i - inventory. (/) - cycle)
b - 7 poisoned darts (quivered)
Press: ? - help, Shift-Dir - straight line, f/p - jackal
Aim: a jackal You throw a poisoned dart.
The poisoned dart barely misses the jackal.
The poisoned dart hits the dart slug.
The dart slug looks even sicker.
The dart slug is moderately wounded.
A rat comes into view.
The jackal closely misses you.
You hit the jackal. Your grab misses the jackal.
The jackal is moderately wounded.
You kill the dart slug!
The jackal bites you.
* * * LOW HITPOINT WARNING * * *
It was a potion of mutation.
You feel extremely strange.
You feel stupid.
You feel frail.
You feel resistant to cold. The jackal bites you.
You die...

#.. #.##... ... #.#
#....#. #.. #.#
####... #.. ##.#
##....† #..
####..###..###.
#..##
###....#....#....
#...#
#...##..)####.##.
######.?###.##...###
#.##.
....r...gh@....###
.##.
#####...h#######
#### #....#..h# #
...#.......# ..
#......... .
>.......s###
##...!....
##########


You could see 2 jackals, a goblin and a rat.

Vanquished Creatures
  A dart slug (D:1)
  2 ball pythons (D:1)
  2 goblins (D:1)
  A jackal (D:1)
  A bat (D:1)
  A kobold (D:1)
8 creatures vanquished.

Notes
Turn   | Place    | Note
-------+----------+-------------------------------------------
     0 | D:1      | MrRokkomies the Octopode Brigand began the quest for the
                  | Orb.
     0 | D:1      | Reached XP level 1. HP: 14/14 MP: 1/1
   202 | D:1      | Reached XP level 2. HP: 5/19 MP: 2/2
   206 | D:1      | Gained mutation: You are dopey. (Int -2) [potion of
                  | mutation]
   206 | D:1      | Gained mutation: You are frail. (-10% HP) [potion of
                  | mutation]
   206 | D:1      | Gained mutation: Your flesh is cold resistant. (rC+)
                  | [potion of mutation]
   206 | D:1      | Slain by a jackal

Illustrated notes

Levels and vault maps discovered:
D:1:      lemuel_arrival_behind_the_door_large, layout_rooms,
          kennysheep_another_room

Action                   || total
-------------------------++-------
Melee: Dagger            ||    13
       Constrict         ||     4
       Tentacles         ||     4
Throw: Dart              ||     2
  Use: Potion            ||     1
Armor: Skin              ||     5
Dodge: Dodged            ||    18

Table legend: (Time is in decaauts)
 A = Elapsed time spent in this place.
 B = Non-inter-level travel time spent in this place.
 C = Inter-level travel time spent in this place.
 D = Time resting spent in this place.
 E = Time spent auto-exploring this place.
 F = Levels seen in this place.
 G = Mean time per level.
                   A        B        C        D        E       F      G
               +--------+--------+--------+--------+--------+-----+--------+
         Total |    204 |    204 |      0 |      0 |    166 |   1 |  204.0 |
       Dungeon |    204 |    204 |      0 |      0 |    166 |   1 |  204.0 |
               +--------+--------+--------+--------+--------+-----+--------+

Top non-repeatable levels by time:
     D:1: 204 daAuts
